 Dungeon Crawl Stone Soup version 0.30.0-5-g1a98f26d00 (webtiles) character file.

Game seed: 12672239796889006363

920 H0rd4k the Cudgeller (level 8, -1/58 HPs)
             Began as a Human Artificer on May 9, 2023.
             Slain by a water moccasin (2 damage)
             ... on level 5 of the Dungeon.
             The game lasted 00:06:47 (5097 turns).

H0rd4k the Cudgeller (Human Artificer)              Turns: 5097, Time: 00:06:47

Health: -1/58      AC:  6    Str: 14    XL:     8   Next: 31%
Magic:  11/11      EV: 12    Int: 13    God:
Gold:   173        SH:  0    Dex: 13    Spells: 12/12 levels left

rFire   . . .        l - +2 whip (venom)
rCold   . . .        (no shield)
rNeg    . . .        b - +0 leather armour
rPois   .            n - +0 helmet
rElec   .            (no cloak)
rCorr   .            k - +1 pair of gloves
SInv    .            (no boots)
Will    .....        (no amulet)
Stlth   ++           (no ring)
HPRegen 0.29/turn    (no ring)
MPRegen 0.12/turn

%: no passive effects
@: brilliant, lethally poisoned (-1 -> -5), hasted, very quick
A: no striking features
a: no special abilities


You were on level 5 of the Dungeon.
You visited 1 branch of the dungeon, and saw 5 of its levels.
You also visited: Sewer.

You collected 173 gold pieces.

Inventory:

Hand Weapons
 l - a +2 whip of venom (weapon)
Missiles
 h - 5 poisoned darts
 w - a boomerang of dispersal
 I - 3 atropa-tipped darts
Armour
 b - a +0 leather armour (worn)
 k - a +1 pair of gloves (worn)
 n - a +0 helmet (worn)
Magical Staves
 q - a staff of fire
Jewellery
 t - an amulet of reflection
 x - a ring of ice
Wands
 c - a wand of flame (17) (quivered)
 d - a wand of charming (2)
 e - a wand of iceblast (5)
 H - a wand of polymorph (2)
Scrolls
 f - 3 scrolls of magic mapping {unknown}
 g - 2 scrolls of enchant weapon {unknown}
 m - 9 scrolls of identify {unknown}
 o - 2 scrolls of noise {unknown}
 r - a scroll of brand weapon {unknown}
 s - 2 scrolls of teleportation {unknown}
 u - a scroll of poison {unknown}
 y - a scroll of summoning {unknown}
 A - a scroll of torment {unknown}
 E - a scroll of fog {unknown}
 F - a scroll of blinking
Potions
 a - a potion of haste
 i - a potion of heal wounds {unknown}
 j - a potion of cancellation {unknown}
 p - 2 potions of curing {unknown}
 v - 5 potions of brilliance
 z - a potion of degeneration {unknown}
 B - a potion of might {unknown}
 C - a potion of lignification {unknown}
 G - a potion of mutation {unknown}
Miscellaneous
 D - a phantom mirror


   Skills:
 + Level 3.3 Fighting
 + Level 5.3 Maces & Flails
 - Level 2.0 Armour
 + Level 3.8 Dodging
 + Level 2.0 Stealth
 * Level 2.6 Spellcasting
 + Level 4.3 Evocations


You had 12 spell levels left.
You didn't know any spells.
Your spell library contained the following spells:

 Spells                   Type           Power      Damage    Failure   Level
 Blink                    Tloc           4%         N/A       41%         2
 Ensorcelled Hibernation  Hex/Ice        4%         N/A       41%         2
 Gell's Gravitas          Tloc           2%         N/A       65%         3
 Hailstorm                Conj/Ice       2%         3d3       65%         3
 Teleport Other           Tloc           2%         N/A       65%         3
 Ice Form                 Ice/Tmut       2%         N/A       96%         4
 Manifold Assault         Tloc           2%         N/A       96%         4
 Metabolic Englaciation   Hex/Ice        1%         N/A       100%        5
 Dispersal                Tloc           1%         N/A       100%        6
 Simulacrum               Ice/Necr       1%         N/A       100%        6
 Storm Form               Tmut/Air       1%         N/A       100%        7
 Disjunction              Tloc           1%         N/A       100%        8


Dungeon Overview and Level Annotations

Branches:
Dungeon (5/15)              Sewer (visited)
 Temple: D:4-7

Altars:
Sif Muna

Shops:
D:5 (

Annotations:
D:3 2 transporters, exclusion: downstairs, rlgrobin's ghost, amateur TrBe


Message History

The water moccasin barely misses you.
The orc priest mumbles some strange prayers to Beogh against you.
Beogh smites you!
* * * LOW HITPOINT WARNING * * *
You closely miss the water moccasin.
The water moccasin is severely wounded.
The water moccasin bites you.
* * * LOW HITPOINT WARNING * * *
The orc priest hits you with a +0 short sword.
* * * LOW HITPOINT WARNING * * *
You barely miss the water moccasin.
The water moccasin is severely wounded.
The water moccasin closely misses you.
Unknown command.
Aiming: Charm
Press: ? - help, Shift-Dir - straight line, f - orc priest, p - water moccasin
Aim: an orc priest, wielding a +0 short sword and wearing a +0 scale mail (chance to affect: 60%)
The orc priest resists with significant effort.
The water moccasin bites you.
* * * LOW HITPOINT WARNING * * *
You are poisoned.
The water moccasin poisons you!
The orc priest hits you with a +0 short sword.
* * * LOW HITPOINT WARNING * * *
The water moccasin closely misses you.
Okay, then.
Aiming: Charm
Press: ? - help, Shift-Dir - straight line, f/p - orc priest
Aim: an orc priest, wielding a +0 short sword and wearing a +0 scale mail (chance to affect: 60%)
The orc priest is charmed.
* * * LOW HITPOINT WARNING * * *
You feel sick. The water moccasin closely misses you.
It was a potion of haste.
You feel yourself speed up.
* * * LOW HITPOINT WARNING * * *
You feel sick.
The water moccasin closely misses you. x2
It was a potion of brilliance.
You feel clever all of a sudden.
* * * LOW HITPOINT WARNING * * *
You feel sick. The water moccasin bites you.
You die...

..........## #.#
...............## #.#
................## #.#
......)..........###.#
..................##.#
...................#†###
...................#....
...................#....
......S@..).......##....
......o.................
.............)..#.......
.............).##.......
..............###.......
.............## #.......
............## ####.#..
#..........#########.#..
#..........)...........


You could see a water moccasin and a friendly orc priest (charmed).

Vanquished Creatures
  2 bullfrogs (Sewer)
  A necrophage (D:5)
  A scorpion (D:5)
  An orc priest (D:5)
  A hound (D:5)
  A jelly (D:5)
  A sleepcap (D:4)
  Jessica (D:2)
  An iguana (D:5)
  2 orc wizards
  2 mummies (D:5)
  10 adders
  2 gnolls (D:4)
  An adder zombie (D:5)
  A worm (D:2)
  6 orcs
  10 ball pythons
  6 endoplasms
  13 giant cockroaches
  10 goblins
  7 hobgoblins
  3 jackals (D:1)
  6 kobolds
  10 quokkas
  3 bats (D:1)
  15 frilled lizards
  6 rats
123 creatures vanquished.

Vanquished Creatures (collateral kills)
  Eustachio (D:5)
  2 gnolls (D:4)
  An orc (D:5)
4 creatures vanquished.

Vanquished Creatures (others)
  2 wights (D:5)
2 creatures vanquished.

Grand Total: 129 creatures vanquished

Notes
Turn   | Place    | Note
-------+----------+-------------------------------------------
     0 | D:1      | H0rd4k the Human Artificer began the quest for the Orb.
     0 | D:1      | Reached XP level 1. HP: 15/15 MP: 1/1
   121 | D:1      | Reached XP level 2. HP: 10/21 MP: 2/2
   223 | D:1      | Found a faded altar of an unknown god.
   380 | D:1      | Reached XP level 3. HP: 26/26 MP: 3/3
   503 | D:1      | Reached skill level 1 in Maces & Flails
   636 | D:1      | Got the Writings on Displaced Graupel
   931 | D:2      | Noticed Jessica
   935 | D:2      | Killed Jessica
   936 | D:2      | Reached XP level 4. HP: 32/32 MP: 4/4
  1009 | D:2      | Reached skill level 2 in Maces & Flails
  1838 | D:3      | Noticed rlgrobin's ghost (amateur TrBe)
  1838 | D:3      | Found a transporter.
  1838 | D:3      | Found a transporter.
  1843 | D:3      | Reached XP level 5. HP: 37/37 MP: 5/5
  2837 | D:4      | Found a shimmering blue altar of Sif Muna.
  2999 | D:4      | Reached skill level 3 in Maces & Flails
  3068 | D:4      | Found a glowing drain.
  3083 | Sewer    | Entered a sewer
  3156 | Sewer    | Reached XP level 6. HP: 44/44 MP: 6/6
  3396 | Sewer    | Reached skill level 1 in Spellcasting
  3403 | Sewer    | Reached skill level 4 in Maces & Flails
  3403 | Sewer    | Reached XP level 7. HP: 25/51 MP: 8/8
  4530 | D:5      | Entered Level 5 of the Dungeon
  4537 | D:5      | Found Idykhe's Weapon Boutique.
  4851 | D:5      | Reached skill level 5 in Maces & Flails
  4950 | D:5      | Reached XP level 8. HP: 57/58 MP: 11/11
  5049 | D:5      | Noticed Eustachio
  5066 | D:5      | Killed Eustachio
  5096 | D:5      | HP: 2/58 [poisoned by a water moccasin]
  5097 | D:5      | Slain by a water moccasin

Illustrated notes

Levels and vault maps discovered:
D:1:      evilmike_arrival_crescent, layout_loops_ring, basic_ecumenical_altar,
          kennysheep_minor_cross, st_stairs_5
D:2:      layout_basic, hangedman_decor_peaks_small, uniq_jessica
D:3:      layout_basic, gammafunk_ghost_arena, kennysheep_pointless_box
D:4:      layout_basic, mainiacjoe_overflow_surrounded_room,
          gup_sewer_entry_bubbles
D:5:      layout_basic, lemuel_mausoleum_altar_yredelemnul, serial_shops,
          nicolae_shop_just_a_little_nook, uniq_eustachio

Skill      XL: |  1  2  3  4  5  6  7  8 |
---------------+-------------------------+-----
Maces & Flails | 1 2 3 4 5 |  5.3
Dodging        | 2 3 |  3.8
Fighting       | 2 3 |  3.3
Spellcasting   | 1 2 |  2.6
Evocations     | 4 |  4.3
Stealth        | 2 |  2.0
Armour         | |  2.0

Action                     |  1- 3 |  4- 6 |  7- 9 || total
---------------------------+-------+-------+-------++-------
  Melee: Club              |    50 |       |       ||    50
         Punch             |     2 |     3 |     1 ||     6
         Whip              |    60 |   257 |    92 ||   409
  Evoke: Wand              |     5 |       |    20 ||    25
    Use: Potion            |       |       |     2 ||     2
   Stab: Sleeping          |       |     3 |     1 ||     4
 Armour: Leather armour    |    65 |    88 |    22 ||   175
  Dodge: Dodged            |    89 |   134 |    70 ||   293
